shurick, lawful male human Archeologist --- --.---- --- |.....-- --- ---)-- ------......| |..-- |.d..| --...|--.....-- -...| ---%|<+| |...-- --.....-- |....| --...|--- --..| ---....-- |...-- -...--- --[| --....-----.------.....| |%| |..........| |.....^.| --)-- ---....%...-.-- |......-- |...| |......--......| --.-.|.| |...| --.....---......| |...| --.----..... |......-- ---)|.| |...|......--......| |...#.|. ---....^..)...---.-----.--|.... |.....^...--- |.....%`| --... ---->....-- --------- --.. |.....| . ---...| --.-- --- shurick the Investigator Experience level: 7 Strength: 9 Dexterity: 9 Constitution: 16 Intelligence: 12 Wisdom: 18 Charisma: 11 Health: 0(67) Energy: 36(36) Def: 9 Gold: 0 Moves: 5232 Dungeon seed: Tca7F5CcuF78Bg1j Game ID: shurick_1527408132 Your Inventory: Weapons a - a +2 bullwhip (weapon in hand) H - 2 +0 daggers T - 9 +0 darts U - a blessed +0 dagger V - a cursed -3 dagger Armor v - an uncursed +0 leather armor (being worn) z - an uncursed +0 pair of low boots (being worn) J - an uncursed +0 pair of elven boots N - an uncursed +1 cloak of protection (being worn) Q - an uncursed +0 pair of leather gloves (being worn) S - an uncursed +0 elven leather helm (being worn) Y - an uncursed +0 Hawaiian shirt (being worn) Comestibles h - an uncursed tin of jackal meat k - an uncursed cram ration o - an uncursed tin of kobold meat w - an uncursed tin of homunculus meat G - an uncursed tin of goblin meat Scrolls u - an uncursed scroll of enchant weapon W - an uncursed scroll of teleportation Rings F - an uncursed ring of sustain ability (on left hand) Wands L - a blessed wand of secret door detection (0:11) P - a wand of magic missile (0:0) R - a wand of make invisible (0:2) Tools c - a +0 pick-axe d - a tinning kit (0:62) f - an uncursed sack i - a can of grease (0:8) l - an uncursed tin whistle I - a drum of earthquake (0:4) Gems e - 2 uncursed worthless pieces of green glass q - an uncursed touchstone r - an uncursed worthless piece of violet glass s - an uncursed jasper stone x - an uncursed worthless piece of red glass y - 2 uncursed worthless pieces of yellow glass B - an uncursed fluorite stone K - 8 uncursed rocks (in quiver) M - an uncursed agate stone Contents of the sack: 2 uncursed scrolls of remove curse Spells and supernatural/magical abilities: Name Level Category Fail Memory W - pray for help -- divine ? -- Your skills at the end: Fighting Skills Weapon Skills pick-axe [Basic] whip [Skilled] Spellcasting Skills Final Attributes: You were piously aligned. You were invisible. You were stealthy. You were protected. You were fast. You had fixed abilities. You are dead. Vanquished creatures: a wolf a gnome king a lizard a dog a housecat a gnome mummy 5 apes 2 Woodland-elves a rock mole 2 fog clouds 4 gnome lords a gnomish wizard 2 black naga hatchlings a gray ooze 4 elf zombies a little dog 2 dwarves 4 homunculi a kobold lord a giant bat a monkey a dwarf zombie a werejackal an iguana 8 killer bees 2 acid blobs a gas spore 3 hobbits 9 manes 3 brown molds 2 yellow molds 16 gnomes 2 gnome zombies 5 geckos 7 jackals a fox 4 kobolds 4 goblins 2 sewer rats 5 grid bugs 4 lichens 8 newts 127 creatures vanquished. Voluntary challenges: You were an atheist. You used a wielded weapon 207 times, starting on turn 107. You read items or engraved 58 times, starting on turn 1023. You never genocided any monsters. You never polymorphed an object. You never changed form. You used no wishes. You never split a pudding. You wrote Elbereth's name 40 times, starting on turn 2750. You violated your moral code, losing 15 points of alignment, starting on turn 4529. Dungeon overview: The Dungeons of Doom: levels 1 to 6 Level 1 a long staircase Level 2 a general store, some fountains Level 3 a delicatessen, some fountains Level 4 a fountain stairs to The Gnomish Mines Level 5 a wand shop Level 6 many fountains The Gnomish Mines: levels 5 to 6 Level 5 stairs to The Dungeons of Doom Level 6 <- You were here History has recorded: On T:1 you entered the Dungeons of Doom to retrieve the Amulet of Yendor! On T:597 you advanced to experience level 2. On T:661 you reached level 2 of The Dungeons of Doom. On T:1270 you reached level 3 of The Dungeons of Doom. On T:1324 you advanced to experience level 3. On T:1823 you reached level 4 of The Dungeons of Doom. On T:2214 you reached level 5 of The Dungeons of Doom. On T:2249 you advanced to experience level 4. On T:2776 you advanced to experience level 5. On T:3244 you reached level 6 of The Dungeons of Doom. On T:3611 you reached level 1 of The Gnomish Mines. On T:3755 you advanced to experience level 6. On T:4992 you advanced to experience level 7. Score breakdown: Gold: 0 ( 0 points) Experience: 7 levels (13645 points) Exploration: 6 levels ( 11.76%) ( 9486 points) Discoveries: 22 items ( 7.38%) ( 8151 points) Valuables value: (no points given unless you survive) Artifact value: 0 ( 0 points) Variety of kills: 42 monsters ( 11.02%) ( 9960 points) Turncount: 5232 turns (-1421 points) Survival: died (score multiplied by 80%) Total score: 31856 Latest messages: The werewolf puts on an uncursed +0 fedora. You stop waiting. You hit the werewolf. The werewolf bumps right into you! You hit the werewolf. The werewolf hits! You hit the werewolf. You hear some noises in the distance. The werewolf hits! The werewolf misses. You hit the werewolf! The werewolf hits! You hit the werewolf. The werewolf changes into a wolf. The werewolf's cloak tears apart! The werewolf's hat falls to the floor! The werewolf's boots are pushed off its feet! You hit the werewolf. The werewolf misses. You hit the werewolf! The werewolf misses. You hit the werewolf! The werewolf bites! (2x) You hit the werewolf! The werewolf bites! You die... Final status: Goodbye shurick the Archeologist, killed by a werewolf... You died in The Gnomish Mines on dungeon level 6 with 31856 points, and 0 pieces of gold, after 5232 moves. You were level 7 with a maximum of 67 hit points when you died.